 Dungeon Crawl Stone Soup version 0.24.0-37-gcf1ca852f1 (webtiles) character file.

Game seed: 2960687991907693119, levelgen mode: deterministic

513 Iamsoldier the Covered (level 7, -3/44 HPs)
             Began as a Gargoyle Fighter on Dec 6, 2019.
             Was an Initiate of Qazlal.
             Killed themself with a badly aimed iceblast (8 damage)
             ... on level 6 of the Dungeon.
             The game lasted 00:06:21 (3410 turns).

Iamsoldier the Covered (Gargoyle Fighter)           Turns: 3410, Time: 00:06:21

Health: -3/44      AC: 15    Str: 20 (22) XL:     7   Next: 20%
Magic:  7/7        EV:  7    Int:  7 (8)  God:    Qazlal [......]
Gold:   123        SH: 12    Dex:  7 (9)  Spells: 6/6 levels left

rFire    . . .     SeeInvis .   a - +1 flail
rCold    . . .     Gourm    .   c - +0 shield
rNeg     + . .     Faith    .   b - +0 scale mail
rPois    ∞         Spirit   .   (no helmet)
rElec    +         Reflect  +   (no cloak)
rCorr    .         Harm     .   n - +1 pair of gloves
MR       +....                  p - +0 pair of boots
Stlth    ..........             r - +3 amulet of reflection
HPRegen  0.14/turn              j - ring of protection from magic
MPRegen  0.10/turn              (no ring)

@: marked
A: negative energy resistance 1, electricity resistance, unbreathing,
petrification resistance, rot immunity, AC +4
a: Renounce Religion


You were on level 6 of the Dungeon.
You worshipped Qazlal.
Qazlal was noncommittal.
You were hungry.

You visited 1 branch of the dungeon, and saw 5 of its levels.

You collected 123 gold pieces.

Inventory:

Hand Weapons
 a - a +1 flail (weapon)
Armour
 b - a +0 scale mail (worn)
 c - a +0 shield (worn)
 n - a +1 pair of gloves (worn)
 p - a +0 pair of boots (worn)
Jewellery
 j - a ring of protection from magic (left hand)
 r - a +3 amulet of reflection (around neck)
 s - an uncursed amulet of faith {unknown}
 t - an uncursed ring of flight {unknown}
Wands
 k - a wand of random effects (8)
Scrolls
 g - 2 scrolls of teleportation
 i - a scroll of magic mapping
 m - a scroll of blinking
 q - 2 scrolls of remove curse
Comestibles
 d - 8 chunks of flesh
 f - 5 rations


   Skills:
 + Level 5.1 Fighting
 + Level 4.1 Maces & Flails
 + Level 5.2 Armour
 + Level 5.2 Shields


You had 6 spell levels left.
You didn't know any spells.
Your spell library was empty.

Dungeon Overview and Level Annotations

Branches:
Dungeon (7/15)             Temple (0/1) D:7

Altars:
Elyvilon
Kikubaaqudgha
Nemelex Xobeh
Qazlal
Vehumet

Annotations:
D:6 Harold


Innate Abilities, Weirdness & Mutations

You are resistant to torment.
Your stone body is resilient. (AC +4)
You are immune to poison.
You resist negative energy. (rN+)
You are resistant to electric shocks. (rElec)
You can survive without breathing.
You are immune to petrification.
You are immune to rotting.


Message History

Harold is severely wounded.
You block Harold's attack.
A worker ant and an orc come into view.
Harold hits you but does no damage. 2 orcs come into view.
There is a stone staircase leading up here.
Harold hits you with a +0 short sword.
* * * LOW HITPOINT WARNING * * *
Harold hits you with a +0 short sword.
* * * LOW HITPOINT WARNING * * *
You climb upwards.
There is a stone staircase leading down here.
Evoke which item? (* to show all) (? for menu, Esc to quit)
Aiming: Random Effects
Press: ? - help, Shift-Dir - straight line, f - Harold
Aim: Harold, wielding a +0 short sword and wearing a +0 chain mail (severely wounded, fast, poisoned, lightly drained)
The mass of ice explodes!
The iceblast engulfs Harold!!
Harold is almost dead.
The iceblast engulfs you!
You die...

###......#
#........#
#........#
#........#
#........#####
#............#
#............#
#............#
#.......@@...#
#............######
#.................#
#.................#
#.................#
#.................#
#.................#
###################


You could see Harold.

Vanquished Creatures
  An orc warrior (D:7)
  An ice beast (D:6)
  A bullfrog (D:6)
  A big kobold (D:7)
  A hound (D:7)
  An orc priest (D:7)
  An iguana (D:7)
  A gnoll (D:1)
  4 adders
  An adder zombie (D:6)
  A worm (D:2)
  2 dart slugs (D:1)
  A leopard gecko (D:1)
  7 orcs
  4 bats
  A bat zombie (D:2)
  4 giant cockroaches
  6 hobgoblins
  A quokka (D:2)
  A frilled lizard (D:2)
  A goblin (D:1)
  7 kobolds
  10 rats
  4 rat zombies (D:2)
63 creatures vanquished.

Notes
Turn   | Place    | Note
-------+----------+-------------------------------------------
     0 | D:1      | Iamsoldier the Gargoyle Fighter began the quest for the
                  | Orb.
     0 | D:1      | Reached XP level 1. HP: 14/14 MP: 1/1
    90 | D:1      | Reached XP level 2. HP: 19/19 MP: 2/2
   255 | D:1      | Reached XP level 3. HP: 8/23 MP: 3/3
  1085 | D:2      | Found a stormy altar of Qazlal.
  1085 | D:2      | Noticed an earth elemental
  1086 | D:2      | Noticed a fire elemental
  1086 | D:2      | Noticed an air elemental
  1086 | D:2      | Noticed a water elemental
  1095 | D:2      | Became a worshipper of Qazlal Stormbringer
  1565 | D:2      | Reached XP level 4. HP: 29/29 MP: 4/4
  2197 | D:2      | Found a white marble altar of Elyvilon.
  2377 | D:2      | Found an ancient bone altar of Kikubaaqudgha.
  2832 | D:3      | Found a radiant altar of Vehumet.
  2940 | D:3      | You fall into a shaft and drop 3 floors!
  2941 | D:6      | Noticed a bullfrog
  2955 | D:6      | Killed a bullfrog
  2955 | D:6      | Reached XP level 5. HP: 26/33 MP: 5/5
  3005 | D:6      | Noticed an ice beast
  3016 | D:6      | Killed an ice beast
  3016 | D:6      | Reached XP level 6. HP: 22/39 MP: 6/6
  3273 | D:7      | Found a sparkling altar of Nemelex Xobeh.
  3287 | D:7      | Noticed an orc warrior
  3339 | D:7      | Killed an orc warrior
  3339 | D:7      | Reached skill level 5 in Fighting
  3339 | D:7      | Reached skill level 5 in Armour
  3339 | D:7      | Reached skill level 5 in Shields
  3339 | D:7      | Reached XP level 7. HP: 33/44 MP: 7/7
  3369 | D:7      | Noticed Harold
  3370 | D:7      | Found a staircase to the Ecumenical Temple.
  3385 | D:7      | Noticed a hippogriff
  3410 | D:6      | Killed themself with a badly aimed iceblast

Levels and vault maps discovered:
D:1:      dpeg_arrival_prison, layout_basic, serial_curves, eino_curves_02,
          eino_curves_03
D:2:      layout_basic, lemuel_zombie_altar_kikubaaqudgha,
          nicolae_qazlal_style_of_elements, elyvilon_altar_4,
          minmay_misc_feat_room, roderic_serpentine_path
D:3:      layout_basic, lemuel_crystal_altar
D:6:      lemuel_upstairs_altar, layout_gridville, serial_shops,
          nicolae_shop_statue_plus, basic_altar, sigmund_edmund_badplayer
D:7:      layout_gridville, grunt_temple_overflow_order_and_chaos_2,
          nemelex_xobeh_ov_fountains_minmay, dancing_weapons_uskayaw,
          minmay_temple_entry_sparse_star, worms_lemuel, uniq_harold

Skill      XL: |  1  2  3  4  5  6 |
---------------+-------------------+-----
Shields        | 4 5 |  5.2
Armour         | 4 5 |  5.2
Fighting       | 4 5 |  5.1
Maces & Flails | 3 4 |  4.1

Action                   |  1- 3 |  4- 6 |  7- 9 || total
-------------------------+-------+-------+-------++-------
Melee: Flail             |   146 |   167 |    10 ||   323
Evoke: Wand              |       |     5 |     9 ||    14
  Use: Scroll            |     2 |     5 |       ||     7
       Potion            |       |     5 |       ||     5
  Eat: Chunk             |     2 |     6 |       ||     8
Armor: Scale mail        |    61 |   102 |     4 ||   167
Dodge: Dodged            |    55 |    49 |     4 ||   108
Block: Shield            |    73 |   137 |    12 ||   222
       Reflection        |       |     1 |     1 ||     2
